 Dungeon Crawl Stone Soup version 0.23-a0-760-g92239d2 (webtiles) character file.

42316 SmSkdm the Thaumaturge (level 14, -1/97 HPs)
             Began as a Kitsune Transmuter on May 16, 2019.
             Was an Elder of Wu Jian.
             Slain by a wolf (5 damage)
             ... on level 6 of the Lair of Beasts.
             The game lasted 01:32:57 (21064 turns).

SmSkdm the Thaumaturge (Kitsune Transmuter)        Turns: 21064, Time: 01:32:57

Health: -1/97      AC:  4    Str:  9    XL:     14   Next: 54%
Magic:  29/29      EV: 15    Int: 18    God:    Wu Jian [****..]
Gold:   1246       SH:  0    Dex: 20    Spells: 24/36 levels left

rFire    . . .     SeeInvis .     - Unarmed
rCold    + . .     Gourm    .   (no shield)
rNeg     . . .     Faith    .   U - +2 robe {rC+}
rPois    +         Spirit   .   (helmet restricted)
rElec    .         Reflect  .   I - +2 cloak {rPois}
rCorr    .         Harm     .   R - +0 pair of gloves
MR       ++...                  (no boots)
Stlth    +++++.....             M - amulet of regeneration
HPRegen  0.66/turn              n - +3 ring of dexterity
MPRegen  0.21/turn              w - ring of wizardry

@: exhausted, about to teleport, corroded
A: charm monsters, no helmets, claws 1, weak 1, evolution 1
a: Charm Monsters, Wall Jump, Serpent's Lash, Renounce Religion


You were on level 6 of the Lair of Beasts.
You worshipped Wu Jian.
Wu Jian was greatly pleased with you.
You were not hungry.

You visited 3 branches of the dungeon, and saw 18 of its levels.

You collected 1246 gold pieces.

Inventory:

Missiles
 a - 163 arrows
 c - 14 tomahawks (quivered)
 v - 303 stones
Armour
 p - a +0 robe of magic resistance
 x - +3 ice dragon scales
 I - a +2 cloak of poison resistance (worn)
 O - a +0 buckler
 R - a +0 pair of gloves (worn)
 U - a +2 robe of cold resistance (worn)
 W - a scarf of cloud immunity
Jewellery
 m - a ring of the Octopus King {AC+1 EV+1 Str+1 Int+1 Dex+1 SInv}
   (You found it on level 5 of the Lair of Beasts)

   [ring of see invisible]

   It affects your AC (+1).
   It affects your evasion (+1).
   It affects your strength (+1).
   It affects your intelligence (+1).
   It affects your dexterity (+1).
   It lets you see invisible.
 n - a +3 ring of dexterity (left hand)
 w - a ring of wizardry (right hand)
 C - an uncursed ring of protection from magic
 J - an uncursed amulet of the gourmand
 M - an amulet of regeneration (around neck)
Wands
 b - a wand of random effects (21)
 z - a wand of polymorph (27)
 B - a wand of acid (10)
 E - a wand of paralysis (19)
 P - a wand of digging (5)
 Q - a wand of flame (32)
 S - a wand of iceblast (7)
 V - a wand of enslavement (10)
 Z - a wand of scattershot (5)
Scrolls
 f - 18 scrolls of identify
 h - a scroll of blinking
 i - 9 scrolls of remove curse
 j - 4 scrolls of enchant armour
 k - 4 scrolls of fog
 t - 4 scrolls of noise {unknown}
 y - 4 scrolls of magic mapping {unknown}
 F - 5 scrolls of teleportation
 L - 2 scrolls of vulnerability {unknown}
 N - 4 scrolls of amnesia
Potions
 e - 2 potions of brilliance {unknown}
 g - 4 potions of degeneration {unknown}
 l - 3 potions of agility {unknown}
 o - 3 potions of flight {unknown}
 q - a potion of resistance {unknown}
 r - a potion of ambrosia {unknown}
 s - 3 potions of cancellation {unknown}
 u - 2 potions of haste {unknown}
 A - 4 potions of curing {unknown}
 D - a potion of heal wounds {unknown}
 G - 2 potions of invisibility {unknown}
 H - 2 potions of might {unknown}
 T - a potion of lignification {unknown}
 X - a potion of berserk rage {unknown}
Comestibles
 d - 31 rations
 K - 12 chunks of flesh


   Skills:
 + Level 9.3 Fighting
 - Level 4.4 Dodging
 + Level 9.7 Stealth
 + Level 1.9 Shields
 + Level 10.6 Unarmed Combat
 + Level 11.9 Spellcasting
 + Level 11.7 Transmutations


You had 24 spell levels left.
You knew the following spells:

 Your Spells              Type           Power        Failure   Level  Hunger
a - Beastly Appendage     Tmut           ######       1%          1    None
b - Sticks to Snakes      Tmut           ######..     1%          2    None
c - Blade Hands           Tmut           ######....   1%          5    ####...
d - Ice Form              Ice/Tmut       ####....     2%          4    ##.....

Your spell library contained the following spells:

 Spells                   Type           Power        Failure   Level  Hunger
 Spider Form              Tmut/Pois      ####......   1%          3    None
 Corona                   Hex            ##.....      2%          1    None
 Freeze                   Ice            ##..         2%          1    None
 Magic Dart               Conj           ##..         2%          1    None
 Blink                    Tloc           N/A          4%          2    None
 Call Imp                 Summ           ##......     4%          2    None
 Ensorcelled Hibernation  Hex/Ice        ##....       4%          2    None
 Searing Ray              Conj           ##....       4%          2    None
 Slow                     Hex            ##......     4%          2    None
 Throw Frost              Conj/Ice       ##....       4%          2    None
 Confuse                  Hex            ##......     9%          3    None
 Conjure Flame            Conj/Fire      ##......     9%          3    None
 Dazzling Spray           Conj/Hex       ##....       9%          3    None
 Mephitic Cloud           Conj/Pois/Air  ##......     9%          3    None
 Ozocubu's Armour         Chrm/Ice       ##......     9%          3    None
 Tukima's Dance           Hex            ##......     9%          3    None
 Force Lance              Conj/Tloc      ##......     26%         4    ##.....
 Fulminant Prism          Conj/Hex       ##........   26%         4    ##.....
 Iskenderun's Mystic Bla  Conj           ##......     26%         4    ##.....
 Summon Ice Beast         Ice/Summ       ##......     26%         4    ##.....
 Throw Icicle             Conj/Ice       ##......     26%         4    ##.....


Dungeon Overview and Level Annotations

Branches:
Dungeon (11/15)            Temple (1/1) D:7            Lair (6/6) D:8
  Swamp (0/4) Lair:2        Snake (0/4) Lair:3        Slime (0/5) Lair:6
    Orc: D:9-12

Altars:
Ashenzari
Cheibriados
Dithmenos
Elyvilon
Fedhas
Gozag
Hepliaklqana
Kikubaaqudgha
Makhleb
Nemelex Xobeh
Okawaru
Qazlal
Ru
Sif Muna
Trog
Uskayaw
Vehumet
Wu Jian
Xom
Yredelemnul
Zin
The Shining One

Shops:
D:5 (

Annotations:
D:7 2 transporters
Lair:4 1 runed door, SmSkdm's ghost, journeyman KiTm
Lair:6 exclusion: 4 oklob plants


Innate Abilities, Weirdness & Mutations

You can charm monsters.
You have fox ears (no helmets).
You have sharp fingernails.
You are weak. (Str -2)
You evolve.


Message History

Your spriggan submits to your will.
The plant is unaffected. x2
A wolf comes into view.
Unknown command.
Unknown command.
Unknown command.
Unknown command.
Unknown command.
As you read the scroll labeled LIODAXOINI, it crumbles to dust.
You feel strangely unstable.
It was a scroll of teleportation.
Really walk into a travel-excluded area?
You swap places.
A wolf comes into view.
The oklob plant spits acid at you. The splash of acid hits you!
* * * LOW HITPOINT WARNING * * *
The acid corrodes you!
You are splashed with acid!
The acid burns!
* * * LOW HITPOINT WARNING * * *
The wolf bites you.
You die...

#.......#.....##
#..............#
#.##.#.!......#
###.#.........#
#####..PPP(:[(##
........>......## ###
........P......P##..###
##..............†i.h..#
###...........#.@h♣♣...♣
# ###...........♣♣♣ .♣ #
#P.###...P.♣.♣ ##
##.##..♣♣♣♣♣♣♣
.###...#..♣ ....#...♣♣
.......♣♣ .......♣
.##.P.♣♣


You could see an oklob plant, 2 wolves and a friendly spriggan.

Vanquished Creatures
  Josephine (Lair:5)
  Fannar (D:11)
  6 hydras
  A catoblepas (Lair:4)
  2 centaur warriors (D:11)
  3 two-headed ogres
  7 death yaks (Lair:4)
  Sonja (Lair:1)
  Pikel (D:6)
  An oklob plant (D:11)
  5 elephants
  5 spiny frogs
  2 black mambas
  6 komodo dragons
  A troll (D:9)
  3 hornets
  3 hippogriffs
  3 blink frogs (Lair:4)
  2 bog bodies (Lair:2)
  7 dream sheep
  A spriggan (Lair:6)
  3 wraiths (Lair:5)
  35 yaks
  2 wyverns
  A human (D:8)
  3 hogs (D:8)
  4 fire bats (D:9)
  2 hungry ghosts
  Menkaure (D:5)
  2 nagas (Lair:3)
  A swamp worm (Lair:1)
  A hell hound (D:9)
  13 water moccasins
  15 porcupines
  3 black bears
  Purgy (D:3)
  2 orc warriors
  9 ice beasts
  4 sky beasts
  A slave (D:6)
  A necrophage (D:11)
  7 ogres
  3 phantoms
  13 wolves
  4 killer bees (D:11)
  5 centaurs
  10 crocodiles
  A big kobold (D:10)
  18 bullfrogs
  3 wyvern skeletons
  2 scorpions
  8 wights
  7 howler monkeys
  2 electric eels
  5 crimson imps
  A bullfrog zombie (D:8)
  A lava snake (D:9)
  2 jellies
  A quasit (D:6)
  4 centaur zombies
  3 bullfrog skeletons
  5 hounds
  5 orc priests
  3 centaur skeletons
  Ijyb (D:4)
  3 orc wizards
  2 iguanas
  6 worker ants
  A hound zombie (D:7)
  A hound skeleton (D:6)
  12 adders
  3 shadow imps
  An ooze (D:3)
  2 worms
  A ball lightning (Lair:6)
  3 dart slugs (D:2)
  7 leopard geckos
  15 orcs
  6 bats
  9 giant cockroaches
  4 goblins
  6 hobgoblins
  10 jackals
  8 kobolds
  8 quokkas
  3 ball pythons
  2 frilled lizards
  A giant cockroach zombie (D:5)
  4 rats
  2 plants
400 creatures vanquished.

Vanquished Creatures (collateral kills)
  Snorg (Lair:6)
  A death yak (Lair:4)
  An oklob plant (Lair:1)
  An ugly thing (D:11)
  2 elephants
  A black mamba (Lair:5)
  A spiny frog (Lair:4)
  3 komodo dragons
  2 blink frogs (Lair:4)
  3 dream sheep
  A hippogriff (Lair:3)
  6 yaks
  A wraith (Lair:5)
  2 swamp worms (Lair:1)
  2 crocodiles
  A killer bee (D:11)
  A lava snake (D:9)
  An adder skeleton (D:10)
  3 orcs
  A giant cockroach (D:2)
  A fire vortex (D:9)
  A plant (Lair:6)
37 creatures vanquished.

Vanquished Creatures (others)
  2 fire vortices (D:9)
  16 fungi
  25 plants
  2 withered plants (Lair:4)
45 creatures vanquished.

Grand Total: 482 creatures vanquished

Notes
Turn   | Place    | Note
-------+----------+-------------------------------------------
     0 | D:1      | SmSkdm the Kitsune Transmuter began the quest for the Orb.
     0 | D:1      | Reached XP level 1. HP: 12/12 MP: 3/3
    65 | D:1      | Reached skill level 1 in Fighting
   238 | D:1      | Reached XP level 2. HP: 15/18 MP: 5/5
   875 | D:2      | Reached XP level 3. HP: 21/23 MP: 6/6
  1394 | D:2      | Reached XP level 4. HP: 18/29 MP: 7/7
  2161 | D:3      | Noticed Purgy
  2226 | D:2      | Learned a level 2 spell: Sticks to Snakes
  2230 | D:2      | Learned a level 3 spell: Spider Form
  2306 | D:3      | Your ally died
  2306 | D:3      | Reached XP level 5. HP: 22/35 MP: 0/9
  3178 | D:4      | Reached XP level 6. HP: 27/41 MP: 5/10
  3427 | D:4      | Noticed Ijyb
  3440 | D:4      | Killed Ijyb
  3592 | D:4      | Learned a level 4 spell: Ice Form
  3597 | D:4      | Noticed an ogre
  3613 | D:4      | Killed an ogre
  3613 | D:4      | Reached XP level 7. HP: 20/45 MP: 9/12
  4093 | D:5      | Entered Level 5 of the Dungeon
  4139 | D:5      | Noticed Menkaure
  4357 | D:4      | Learned a level 5 spell: Blade Hands
  4364 | D:5      | Killed Menkaure
  4649 | D:5      | Found a bloodstained altar of Trog.
  4784 | D:5      | Reached XP level 8. HP: 31/52 MP: 14/14
  5083 | D:5      | Found Joutustra's Antique Weapon Boutique.
  5412 | D:6      | Noticed Pikel
  5425 | D:6      | Killed Pikel
  5425 | D:6      | Reached skill level 5 in Unarmed Combat
  5425 | D:6      | Reached skill level 5 in Spellcasting
  5425 | D:6      | Reached skill level 5 in Transmutations
  5427 | D:6      | Reached XP level 9. HP: 25/58 MP: 8/17
  6419 | D:6      | Got a faintly glowing golden amulet
  6420 | D:6      | Identified the amulet of Eroskaeh {Reflect Fragile +Fly
                  | Int+4 SH+4} (You found it on level 6 of the Dungeon)
  6916 | D:7      | Found a transporter.
  6916 | D:7      | Noticed a kobold demonologist
  6947 | D:7      | Found a transporter.
  7000 | D:7      | Reached skill level 1 in Stealth
  7195 | D:7      | Found a blossoming altar of Fedhas.
  7310 | D:7      | Found a staircase to the Ecumenical Temple.
  7325 | Temple   | Entered the Ecumenical Temple
  7511 | Temple   | Became a worshipper of the Wu Jian Council
  7800 | D:7      | Reached XP level 10. HP: 30/65 MP: 14/19
  7807 | D:7      | Reached skill level 5 in Fighting
  9188 | D:8      | Noticed a two-headed ogre
  9346 | D:8      | Killed a two-headed ogre
  9831 | D:8      | Found a staircase to the Lair.
  9832 | D:8      | Noticed a komodo dragon
 10266 | D:9      | Noticed a two-headed ogre
 10357 | D:9      | Reached * piety under Wu Jian
 10357 | D:9      | Reached XP level 11. HP: 27/72 MP: 18/23
 11028 | D:9      | Reached skill level 5 in Stealth
 11941 | D:10     | Entered Level 10 of the Dungeon
 12167 | D:10     | Reached ** piety under Wu Jian
 12207 | D:10     | Noticed a two-headed ogre
 12230 | D:10     | Killed a two-headed ogre
 12995 | D:11     | Noticed a centaur warrior
 13025 | D:11     | Killed a centaur warrior
 13056 | D:11     | Noticed a purple ugly thing
 13058 | D:11     | Reached XP level 12. HP: 81/81 MP: 19/25
 13272 | D:11     | Reached *** piety under Wu Jian
 13279 | D:11     | Noticed Fannar
 13296 | D:11     | Killed Fannar
 13379 | D:11     | Found a shattered altar of Ashenzari.
 13642 | D:11     | Noticed a centaur warrior
 13648 | D:11     | Killed a centaur warrior
 13851 | Lair:1   | Entered Level 1 of the Lair of Beasts
 13888 | Lair:1   | Reached skill level 10 in Spellcasting
 14119 | Lair:1   | Noticed Sonja
 14127 | Lair:1   | Killed Sonja
 14222 | Lair:1   | Reached skill level 10 in Transmutations
 14225 | Lair:1   | Reached **** piety under Wu Jian
 14979 | Lair:1   | Reached XP level 13. HP: 88/88 MP: 19/27
 15071 | Lair:1   | Found an ancient bone altar of Kikubaaqudgha.
 15323 | Lair:2   | Noticed a five-headed hydra
 15335 | Lair:2   | Killed a five-headed hydra
 15933 | Lair:2   | Found a staircase to the Swamp.
 16459 | Lair:3   | Reached ***** piety under Wu Jian
 16723 | Lair:3   | Found a staircase to the Snake Pit.
 17445 | Lair:4   | Found a runed door.
 17446 | Lair:4   | Noticed SmSkdm's ghost (journeyman KiTm)
 17495 | Lair:4   | Noticed a catoblepas
 17918 | Lair:4   | Reached skill level 10 in Unarmed Combat
 18025 | Lair:4   | Killed a catoblepas
 18552 | Lair:4   | Reached XP level 14. HP: 90/95 MP: 23/29
 19459 | Lair:5   | Found the ring of the Octopus King
 19462 | Lair:5   | Noticed Josephine
 19479 | Lair:5   | Killed Josephine
 19566 | Lair:5   | Identified a ring of the Octopus King {AC+1 EV+1 Str+1
                  | Int+1 Dex+1 SInv} (You found it on level 5 of the Lair of
                  | Beasts)
 19938 | Lair:6   | Entered Level 6 of the Lair of Beasts
 20162 | Lair:6   | Gained mutation: You are weak. (Str -2) [potion of
                  | mutation]
 20162 | Lair:6   | Gained mutation: You evolve. [potion of mutation]
 20210 | Lair:6   | Noticed Snorg
 20224 | Lair:6   | Killed Snorg
 20444 | Lair:6   | Found a staircase to the Slime Pits.
 20645 | Lair:6   | Reached skill level 1 in Shields
 21064 | Lair:6   | HP: 4/97 [acid (13)]
 21064 | Lair:6   | Slain by a wolf

Vault maps used:
D:1:      ebering_trefoil_twist
D:2:      minmay_close_crescents
D:3:      first_ration, serial_co_window_serial, co_window_paths_b,
          co_window_corner_a, co_window_paths_b, co_window_corner_a,
          co_window_of_opportunity_a, co_window_2corner,
          co_window_unsneaky_path_b, co_window_broadway_a, co_window_sun,
          co_window_4corner_b, glass_columns_a, glass_columns_c,
          glass_columns_c, uniq_purgy
D:4:      interstate_on_off, uniq_ijyb
D:5:      bloody_trog, serial_shops, shop, saegor_snake_ambush, uniq_menkaure
D:6:      solitary_fountain, kennysheep_generic_room_12, uniq_pikel
D:7:      gammafunk_wand_slinger, minmay_temple_entry_arrows, fedhas_altar_3
D:8:      david_lair_shrubbed, grunt_livestock, minmay_fractal_squares_gapless_5
D:9:      hangedman_incinerator
D:11:     lemuel_oklob_altar, uniq_fannar
Temple:   nicolae_temple_the_god_donut
Lair:1:   basic_altar, worms_lemuel, minmay_lair_oklob_chamber,
          grunt_megastairs_1, infiniplex_staircase_pool_2, uniq_sonja
Lair:2:   skrybe_swamp_entry_bodies, st_stairs_3, beast_lair_carwin_8,
          serial_bayou_shore_a, grunt_megastairs_3, serial_bayou_shore_b,
          serial_bayou_shore_b
Lair:3:   minmay_snake_entry_guardpost_small, st_stairs_4
Lair:4:   gammafunk_ghost_grave, lookout_lair_type, st_stairs_4
Lair:5:   serial_bayou_shore_b, uniq_josephine
Lair:6:   minmay_lair_end_enchanted_forest, minmay_slime_entry_oklob_open,
          serial_bayou_lagoon_a, uniq_snorg

Skill      XL: |  1  2  3  4  5  6  7  8  9 10 11 12 13 14 |
---------------+-------------------------------------------+-----
Fighting       | 1 2 3 4 6 7 8 9 |  9.3
Unarmed Combat | 3 4 5 6 7 8 9 10 | 10.6
Dodging        | 2 3 4 |  4.4
Spellcasting   | 3 4 5 6 8 9 10 11 | 11.9
Transmutations | 3 4 5 6 7 9 10 11 | 11.7
Stealth        | 2 4 6 7 9 |  9.7
Shields        | 1 |  1.9

Action                   |  1- 3 |  4- 6 |  7- 9 | 10-12 | 13-15 || total
-------------------------+-------+-------+-------+-------+-------++-------
Melee: Unarmed           |   130 |   124 |   288 |   502 |   501 ||  1545
       Punch             |     3 |       |     4 |    26 |    17 ||    50
       Kick              |       |       |     7 |       |       ||     7
Throw: Tomahawk          |     3 |     3 |       |       |       ||     6
 Cast: Spider Form       |       |     6 |       |       |       ||     6
       Sticks to Snakes  |       |     5 |     2 |     8 |     4 ||    19
       Ice Form          |       |       |     7 |     7 |    10 ||    24
       Blade Hands       |       |       |    10 |    40 |    27 ||    77
       Beastly Appendage |       |       |     1 |       |     2 ||     3
Invok: Lunge             |       |       |     4 |    53 |    47 ||   104
       Whirlwind         |       |       |       |    43 |    88 ||   131
       Wall Jump         |       |       |       |    20 |    25 ||    45
       Serpent's Lash    |       |       |       |       |     5 ||     5
       Heavenly Storm    |       |       |       |       |     1 ||     1
 Abil: Charm Monsters    |     4 |     5 |     2 |    17 |    25 ||    53
       Wall Jump         |       |       |       |       |     3 ||     3
Evoke: Wand              |       |       |       |     3 |       ||     3
  Use: Scroll            |       |     3 |     7 |     3 |    10 ||    23
       Potion            |       |       |       |       |     1 ||     1
 Stab: Betrayed ally     |       |       |     2 |    18 |     2 ||    22
       Distracted        |       |       |     2 |     1 |     4 ||     7
       Sleeping          |       |       |     2 |    25 |    16 ||    43
       Paralysed         |       |       |       |     1 |       ||     1
  Eat: Chunk             |     1 |     4 |    12 |    47 |    26 ||    90
       Ration            |       |     1 |     2 |       |     3 ||     6
Armor: Robe              |     8 |     2 |    29 |    49 |    38 ||   126
       Chain mail        |    87 |    43 |       |       |       ||   130
       Skin              |       |     2 |    19 |     5 |    14 ||    40
Dodge: Dodged            |    26 |    68 |   191 |   244 |   215 ||   744

Table legend:
 A = Non-vault XP
 B = Vault XP
 C = Vault XP percentage of total XP
 D = Non-vault monster count
 E = Vault monster count
 F = Vault count percentage of total count
                 A         B        C        D         E       F
            +---------+---------+-------+---------+---------+-------
      Total |   46240 |   14212 |  23.5 |     347 |      67 |  16.2
            +---------+---------+-------+---------+---------+-------
        D:1 |      17 |       0 |   0.0 |      12 |       0 |   0.0
        D:2 |      70 |       6 |   7.9 |      24 |       2 |   7.7
        D:3 |      27 |     132 |  83.0 |      12 |       1 |   7.7
        D:4 |     289 |      36 |  11.1 |      10 |       1 |   9.1
        D:5 |     542 |     183 |  25.2 |      25 |       3 |  10.7
        D:6 |     931 |     525 |  36.1 |      17 |       1 |   5.6
        D:7 |    1471 |       0 |   0.0 |      20 |       0 |   0.0
        D:8 |    2098 |    1553 |  42.5 |      17 |      12 |  41.4
        D:9 |    3378 |     962 |  22.2 |      25 |       7 |  21.9
       D:10 |    2152 |       0 |   0.0 |      28 |       0 |   0.0
       D:11 |    6087 |    1514 |  19.9 |      39 |       2 |   4.9
     Lair:1 |    4583 |    2021 |  30.6 |      20 |       7 |  25.9
     Lair:2 |    2091 |    2853 |  57.7 |      14 |      12 |  46.2
     Lair:3 |    3090 |     437 |  12.4 |      19 |       3 |  13.6
     Lair:4 |    9737 |     233 |   2.3 |      33 |       2 |   5.7
     Lair:5 |    2495 |    1575 |  38.7 |      10 |       5 |  33.3
     Lair:6 |    7182 |    2182 |  23.3 |      22 |       9 |  29.0
            +---------+---------+-------+---------+---------+-------
